 Dungeon Crawl Stone Soup version 0.27-a0-1200-g94dc6ad4cf (webtiles) character file.

Game seed: 2783799724907442137

2107 comborobin the Martial Artist (level 9, 0/58 HPs)
             Began as a Djinni Transmuter on June 2, 2021.
             Was a Believer of Cheibriados.
             Slain by Pikel
             ... wielding a +0 whip of flaming
              (5 damage)
             ... on level 7 of the Dungeon.
             The game lasted 00:10:53 (8288 turns).

comborobin the Martial Artist (Djinni Transmuter)   Turns: 8288, Time: 00:10:53

Health: 0/58       AC:  2    Str: 17    XL:     9   Next: 53%
Gold:   271        EV: 21    Int: 19    God:    Cheibriados [**....] SH:  0 Dex: 25

rFire    + + .     SeeInvis .     - Unarmed
rCold    + . .     Faith    .   (shield currently unavailable)
rNeg     . . .     Spirit   .   (armour currently unavailable)
rPois    ∞         Reflect  .   (helmet currently unavailable)
rElec    +         Harm     .   (cloak currently unavailable)
rCorr    +         Rampage  .   (gloves currently unavailable)
Will     .....                  (boots unavailable)
Stlth    ++........             (no amulet)
HPRegen  0.19/turn              i - ring of protection from fire
MPRegen  0.00/turn              (no ring)

@: spider-form, resistant, wereblooded, flying, very slow
A: venomous fangs, flying, sickness immunity, tiny, (fire resistance 2), (cold
vulnerability 1), float, innate caster, hp casting, extra vitality 1
a: End Transformation, Renounce Religion, Bend Time


You were on level 7 of the Dungeon.
You worshipped Cheibriados.
Cheibriados was pleased with you.
You were a venomous arachnid creature.
You visited 2 branches of the dungeon, and saw 8 of its levels.

You collected 271 gold pieces.

Inventory:

Hand Weapons
 z - the +6 dagger "Aschogoa" {vorpal, rN+}
   (You found it on level 6 of the Dungeon)

   It inflicts extra damage upon your enemies.
   It protects you from negative energy.
Missiles
 t - 4 boomerangs of dispersal
 v - a throwing net
Armour
 a - a +0 robe
 l - a +2 helmet (melded)
 q - a +0 cloak (melded)
 y - a +0 robe of positive energy (melded)
Jewellery
 i - a ring of protection from fire (left front leg)
Wands
 r - a wand of acid (11)
 w - a wand of mindburst (13)
Scrolls
 b - a scroll of immolation {unknown}
 c - 2 scrolls of fog {unknown}
 d - a scroll of amnesia {unknown}
 e - 4 scrolls of identify {unknown}
 f - a scroll of vulnerability {unknown}
 h - 2 scrolls of teleportation {unknown}
 j - 2 scrolls of blinking {unknown}
 k - a scroll of holy word {unknown}
 u - a scroll of fear {unknown}
 x - a scroll of enchant weapon {unknown}
Potions
 g - 2 potions of curing {unknown}
 m - 2 potions of mutation {unknown}
 n - a potion of lignification {unknown}
 o - a potion of resistance
 p - 2 potions of magic {unknown}
 s - a potion of might {unknown}


   Skills:
 + Level 2.1 Fighting
 + Level 3.0 Dodging
 * Level 10.0 Unarmed Combat
 - Level 5.0 Spellcasting
 + Level 2.0 Invocations


You couldn't memorise any spells.
You knew the following spells:

 Your Spells              Type           Power      Damage    Failure   Level
a - Beastly Appendage     Tmut           46%        N/A       7%          1
b - Wereblood             Tmut           23%        N/A       9%          2
c - Spider Form           Tmut/Pois      11%        N/A       14%         3
d - Ice Form              Ice/Tmut       23%        N/A       34%         4
e - Hydra Form            Tmut           11%        N/A       63%         5
f - Corona                Hex            25%        N/A       7%          1
g - Poisonous Vapours     Pois/Air       46%        N/A       9%          2
h - Ozocubu's Armour      Ice            23%        N/A       14%         3
i - Summon Guardian Gole  Hex/Summ       23%        N/A       14%         3
Your spell library was empty.

Dungeon Overview and Level Annotations

Branches:
Dungeon (7/15)             Temple (1/1) D:4

Altars:
Cheibriados
Elyvilon
Fedhas
Gozag
Hepliaklqana
Kikubaaqudgha
Makhleb
Okawaru
Ru
Sif Muna
Trog
Uskayaw
Wu Jian
Xom
Yredelemnul
Zin
The Shining One

Shops:
D:5 !

Annotations:
D:7 Pikel


Innate Abilities, Weirdness & Mutations

You are a venomous arachnid creature.
You have poisonous fangs.
You are tiny and dextrous.
You are flying.
Your spellcasting is less reliable in this form.
Your armour is entirely melded.
You are incapable of wielding weapons or throwing items.
You are immune to sickness and miasma.
You are immune to poison.
((Your flesh is very heat resistant. (rF++)))
((You are vulnerable to cold. (rC-)))
You float through the air rather than walking.
You learn spells naturally, not from books.
Your magical power is your life essence.
You have superior vitality. (+4 HP)


Message History

* * * LOW HITPOINT WARNING * * *
You hit the bullfrog zombie.
The bullfrog zombie is almost destroyed.
You hiss as the wereblood boils in your veins!
The bullfrog zombie misses you. Pikel completely misses you.
You feel protected.
The bullfrog zombie hits you but does no damage.
Pikel completely misses you.
The bullfrog zombie completely misses you.
Press: ? - help, v - describe, . - travel
Here: Pikel, wielding a +0 whip of flaming and wearing a +0 robe (severely wounded, extremely poisoned)
The floor, spattered with blood.
Unknown command.
You hit the bullfrog zombie.
The bullfrog zombie is almost destroyed.
The bullfrog zombie completely misses you.
Pikel completely misses you.
You completely miss the bullfrog zombie.
The bullfrog zombie is almost destroyed.
The bullfrog zombie hits you.
* * * LOW HITPOINT WARNING * * *
Unknown command.
You barely miss the bullfrog zombie.
The bullfrog zombie is almost destroyed.
Pikel completely misses you. The bullfrog zombie hits you.
* * * LOW HITPOINT WARNING * * *
Unknown command.
You hit Pikel.
Pikel looks as sick as possible!
Pikel is almost dead.
Pikel hits you with a +0 whip of flaming.
* * * LOW HITPOINT WARNING * * *
The bullfrog zombie hits you.
* * * LOW HITPOINT WARNING * * *
Unknown command.
You completely miss the bullfrog zombie.
The bullfrog zombie is almost destroyed.
You hiss as the wereblood boils in your veins!
The bullfrog zombie completely misses you.
Pikel hits you with a +0 whip of flaming.
You die...

##....####...#......#
##..#### #.#........#
########..## #.#.#......#
..........## #.#.#......#
.###.......## ..#.#......#
#.........# .#...........
#.........# .........#
#.........#####.#.........##
#........5KsZ...#..####.###
..........5####.....
###....>..$# .#. #.........#
..........# ..........
$........ ####....s ##..#..


You could see Pikel (extremely poisoned), 2 lemures and a bullfrog zombie.

Vanquished Creatures
  A two-headed ogre (D:4)
  Menkaure (D:6)
  An ogre (D:5)
  A black bear (D:3)
  A centaur (D:4)
  A phantom (D:5)
  Blork the orc (D:6)
  3 bullfrogs
  2 scorpions
  A wyvern zombie (D:5)
  A water moccasin skeleton (D:5)
  A centaur zombie (D:7)
  A hound (D:4)
  2 orc priests
  A centaur skeleton (D:7)
  An iguana (D:5)
  3 orc wizards
  A howler monkey zombie (D:5)
  A howler monkey skeleton (D:5)
  7 adders
  8 gnolls (D:5)
  2 white imps
  An ufetubus (D:5)
  An adder skeleton (D:4)
  2 worms
  4 dart slugs
  17 orcs
  3 endoplasms
  2 giant cockroaches (D:4)
  13 goblins
  9 hobgoblins
  6 jackals
  5 quokkas
  7 ball pythons
  6 bats
  4 frilled lizards
  7 kobolds
  8 rats
137 creatures vanquished.

Vanquished Creatures (others)
  An orc (D:6)
  3 plants (D:2)
4 creatures vanquished.

Grand Total: 141 creatures vanquished

Notes
Turn   | Place    | Note
-------+----------+-------------------------------------------
     0 | D:1      | comborobin the Djinni Transmuter began the quest for the
                  | Orb.
     0 | D:1      | Reached XP level 1. HP: 17/17 MP: 0/0
   777 | D:1      | Reached XP level 2. HP: 11/22 MP: 0/0
  1427 | D:1      | Found a faded altar of an unknown god.
  1817 | D:1      | Reached XP level 3. HP: 24/27 MP: 0/0
  1817 | D:1      | Learned a level 1 spell: Corona
  1926 | D:1      | Reached skill level 4 in Unarmed Combat
  2574 | D:2      | Reached XP level 4. HP: 31/32 MP: 0/0
  3701 | D:3      | Reached XP level 5. HP: 37/37 MP: 0/0
  3701 | D:3      | Learned a level 2 spell: Poisonous Vapours
  3825 | D:3      | Reached skill level 5 in Unarmed Combat
  3905 | D:3      | Noticed a black bear
  3909 | D:3      | Killed a black bear
  3910 | D:3      | Reached XP level 6. HP: 36/42 MP: 0/0
  4781 | D:4      | Noticed a two-headed ogre
  4810 | D:4      | Killed a two-headed ogre
  4811 | D:4      | Reached skill level 7 in Unarmed Combat
  4811 | D:4      | Reached XP level 7. HP: 24/47 MP: 0/0
  4811 | D:4      | Learned a level 3 spell: Ozocubu's Armour
  4811 | D:4      | Reached XP level 8. HP: 26/52 MP: 0/0
  4957 | D:4      | Found a staircase to the Ecumenical Temple.
  4991 | D:4      | Found a glowing golden altar of the Shining One.
  5021 | Temple   | Entered the Ecumenical Temple
  5083 | Temple   | Became a worshipper of Cheibriados the Contemplative
  5343 | D:4      | Reached skill level 8 in Unarmed Combat
  5656 | D:4      | Found a glowing silver altar of Zin.
  6014 | D:4      | Reached * piety under Cheibriados
  6163 | D:5      | Entered Level 5 of the Dungeon
  6399 | D:5      | Reached skill level 9 in Unarmed Combat
  6594 | D:5      | Reached XP level 9. HP: 22/57 MP: 0/0
  6594 | D:5      | Learned a level 3 spell: Summon Guardian Golem
  6951 | D:5      | Found Munec's Distillery.
  7059 | D:5      | Reached ** piety under Cheibriados
  7402 | D:6      | Noticed Menkaure
  7414 | D:6      | Killed Menkaure
  7415 | D:6      | Reached skill level 5 in Spellcasting
  7415 | D:6      | Reached skill level 1 in Invocations
  7872 | D:6      | Noticed Blork the orc
  7881 | D:6      | Killed Blork the orc
  8069 | D:6      | Found a hide-covered altar of Uskayaw.
  8087 | D:6      | Identified the +6 dagger "Aschogoa" {vorpal, rN+}
  8271 | D:7      | Noticed Pikel
  8274 | D:7      | Reached skill level 10 in Unarmed Combat
  8288 | D:7      | Slain by Pikel

Illustrated notes

Levels and vault maps discovered:
D:1:      dpeg_arrival_morbid_curiosity, layout_basic,
          chequers_ecumenical_altar_island, nrook_loot_triangle
D:2:      kennysheep_six_static_rooms, layout_rooms, grunt_ministairs_11,
          amcnicky_mini_pool_small, serial_bayou_ford_a, grunt_decor_cap
D:3:      layout_rooms, serial_glass, glass_columns_b, glass_columns_a
D:4:      layout_basic, lemuel_crystal_altar, overflow_temple_1_default,
          minmay_temple_entry_statues_fountains, kennysheep_doodads,
          minivault_1, minivault_24
D:5:      layout_rooms, serial_shops, nicolae_shop_crystal
D:6:      layout_basic, old_standard_altar, nicolae_qazlal_scattered_showers,
          amcnicky_mini_corridor_feature, uniq_blork_the_orc, uniq_sigmund,
          uniq_menkaure, uniq_maggie
D:7:      gammafunk_the_bubble [the_bubble_gammafunk_plus_minus], layout_rooms,
          minmay_misc_feat_five, uniq_pikel
Temple:   eino_temple_water

Skill      XL: |  1  2  3  4  5  6  7  8  9 |
---------------+----------------------------+-----
Unarmed Combat | 4 5 7 9 10 | 10.0
Spellcasting   | 2 4 5 |  5.0
Invocations    | 2 |  2.0
Fighting       | 2 |  2.1
Dodging        | 3 |  3.0

Action                   |  1- 3 |  4- 6 |  7- 9 || total
-------------------------+-------+-------+-------++-------
Melee: Unarmed           |   110 |   169 |   192 ||   471
       Punch             |     1 |     2 |     3 ||     6
 Cast: Beastly Appendage |     6 |       |     2 ||     8
       Spider Form       |       |     4 |    20 ||    24
       Poisonous Vapours |       |     4 |       ||     4
       Wereblood         |       |       |     8 ||     8
  Use: Potion            |       |     4 |     2 ||     6
 Stab: Sleeping          |       |     1 |     2 ||     3
Armor: Robe              |    21 |    42 |    17 ||    80
       Skin              |       |     1 |     7 ||     8
Dodge: Dodged            |    75 |   129 |   151 ||   355

Table legend: (Time is in decaauts)
 A = Elapsed time spent in this place.
 B = Non-inter-level travel time spent in this place.
 C = Inter-level travel time spent in this place.
 D = Time resting spent in this place.
 E = Time spent auto-exploring this place.
 F = Levels seen in this place.
 G = Mean time per level.
                   A        B        C        D        E       F      G
               +--------+--------+--------+--------+--------+-----+--------+
         Total |   8862 |   8667 |    195 |   1748 |   5500 |   8 | 1107.8 |
       Dungeon |   8724 |   8529 |    195 |   1732 |   5492 |   7 | 1246.3 |
        Temple |    138 |    138 |      0 |     16 |      8 |   1 |  138.0 |
               +--------+--------+--------+--------+--------+-----+--------+

Top non-repeatable levels by time:
     D:1: 2271 daAuts
     D:4: 1597 daAuts
     D:2: 1386 daAuts
     D:5: 1345 daAuts
     D:3: 1086 daAuts
     D:6: 854 daAuts
     D:7: 182 daAuts
  Temple: 138 daAuts
